 Dungeon Crawl Stone Soup version 0.31-a0-355-g57cb03d3e8 (webtiles) character file.

Game seed: 13192675154854076314

245 hashsling the Chiller (level 6, -4/47 HPs)
             Began as a Merfolk Ice Elementalist on July 25, 2023.
             Slain by an ogre
             ... wielding a +0 giant club
              (15 damage)
             ... on level 3 of the Dungeon.
             The game lasted 00:18:45 (3845 turns).

hashsling the Chiller (Merfolk Ice Elementalist)    Turns: 3845, Time: 00:18:47

Health: -4/47      AC: 10    Str: 10    XL:     6   Next: 10%
Magic:  0/10       EV: 13    Int: 15    God:
Gold:   120        SH:  0    Dex: 14    Spells: 3/10 levels left

rFire   . . .        j - +0 spear
rCold   . . .        (no shield)
rNeg    . . .        a - +0 robe
rPois   .            c - +0 helmet
rElec   .            u - +0 cloak
rCorr   .            (no gloves)
SInv    .            (no boots)
Will    .....        (no amulet)
Stlth   ++           (no ring)
HPRegen 0.27/turn    (no ring)
MPRegen 0.12/turn

%: no passive effects
@: ice-armoured, very slightly contaminated
A: (nimble swimmer 2), mertail
a: no special abilities


You were on level 3 of the Dungeon.
You visited 1 branch of the dungeon, and saw 4 of its levels.

You collected 165 gold pieces.
You spent 45 gold pieces at shops.

Inventory:

Hand Weapons
 j - a +0 spear (weapon)
Missiles
 g - 2 throwing nets
Armour
 a - a +0 robe (worn)
 c - a +0 helmet (worn)
 o - a +0 tower shield
 s - a +0 leather armour
 u - a +0 cloak (worn)
Jewellery
 p - an amulet of reflection
 q - an amulet of guardian spirit
Scrolls
 d - 4 scrolls of identify {unknown}
 e - 3 scrolls of enchant weapon {unknown}
 f - a scroll of fear {unknown}
 h - 3 scrolls of teleportation {unknown}
 i - a scroll of torment {unknown}
 k - a scroll of immolation {unknown}
 l - a scroll of blinking {unknown}
 n - a scroll of brand weapon {unknown}
 t - a scroll of fog {unknown}
Potions
 b - a potion of magic
 m - a potion of might {unknown}
 r - a potion of curing


   Skills:
 * Level 3.3 Fighting
 * Level 2.8 Polearms
 + Level 4.2 Dodging
 - Level 2.1 Stealth
 + Level 2.9 Spellcasting
 + Level 5.1 Ice Magic


You had 3 spell levels left.
You knew the following spells:

 Your Spells              Type           Power      Damage    Failure   Level
a - Freeze                Ice            68%        1d8       2%          1
b - Ozocubu's Armour      Ice            17%        N/A       8%          3
c - Frozen Ramparts       Ice            34%        1d6       8%          3

Your spell library contained the following spells:

 Spells                   Type           Power      Damage    Failure   Level
 Apportation              Tloc           4%         N/A       21%         1
 Necrotise                Necr           8%         1d4       21%         1
 Summon Small Mammal      Summ           8%         N/A       21%         1
 Summon Ice Beast         Ice/Summ       9%         N/A       56%         4
 Ozocubu's Refrigeration  Ice            8%         4d9       100%        7


Dungeon Overview and Level Annotations

Branches:
Dungeon (4/15)
 Temple: D:4-7

Altars:

Shops:
D:3 [


Innate Abilities, Weirdness & Mutations

((You are very nimble when in or above water. (Stealth+, EV+, Speed+++)))
Your lower body shifts to a powerful aquatic tail in water.


Message History

Aim: an ogre, wielding a +0 giant club (moderately wounded)
You miscast Freeze.
Nothing appears to happen.
The ogre hits you with a +0 giant club!!
* * * LOW HITPOINT WARNING * * *
Casting: Freeze (safe; 2% risk of failure)
Confirm with . or Enter, or press ? or * to list all spells.
Aiming: Freeze (safe; 2% risk of failure)
Press: ? - help, Shift-Dir - straight line, f/p - ogre
Aim: an ogre, wielding a +0 giant club (moderately wounded)
You freeze the ogre!
The ogre is severely wounded.
The ogre completely misses you.
You feel much better.
Reach: j) +0 spear
Press: ? - help, Dir - move target, f/p - ogre
Aim: an ogre, wielding a +0 giant club (severely wounded, about 23% to evade your +0 spear)
You barely miss the ogre.
The ogre is severely wounded.
The ogre misses you.
Casting: Freeze (safe; 2% risk of failure)
Confirm with . or Enter, or press ? or * to list all spells.
Aiming: Freeze (safe; 2% risk of failure)
Press: ? - help, Shift-Dir - straight line, f/p - ogre
Aim: an ogre, wielding a +0 giant club (severely wounded)
You freeze the ogre.
The ogre is almost dead.
Reach: j) +0 spear
Press: ? - help, Dir - move target, f/p - ogre
Aim: an ogre, wielding a +0 giant club (almost dead, about 23% to evade your +0 spear)
You hit the ogre. You punch the ogre, but do no damage.
The ogre is almost dead.
The ogre hits you with a +0 giant club!!
* * * LOW HITPOINT WARNING * * *
Reach: j) +0 spear
Press: ? - help, Dir - move target, f/p - ogre
Aim: an ogre, wielding a +0 giant club (almost dead, about 23% to evade your +0 spear)
You hit the ogre.
The ogre is almost dead.
The ogre hits you with a +0 giant club!
You die...

######### #.......#
#.#####.# #∩# #.#
#.#####.# #.....#.#
###### #####.#.#
#....# #.#@# #....#
#.#O###....#
#.#........#
#.#........#########
#.#........##.......
#.#.................
#.#.......##.....>..
#..>................
#.......####........


You could see an ogre.

Vanquished Creatures
  An orc priest (D:3)
  3 orc wizards (D:3)
  Robin (D:2)
  4 gnolls (D:3)
  2 dart slugs
  4 orcs (D:3)
  3 bats
  6 endoplasms
  5 giant cockroaches
  15 goblins
  12 hobgoblins
  3 jackals (D:1)
  4 quokkas
  5 ball pythons
  4 frilled lizards
  3 kobolds
  7 rats
82 creatures vanquished.

Notes
Turn   | Place    | Note
-------+----------+-------------------------------------------
     0 | D:1      | hashsling the Merfolk Ice Elementalist began the quest for
                  | the Orb.
     0 | D:1      | Reached XP level 1. HP: 13/13 MP: 3/3
   198 | D:1      | Reached XP level 2. HP: 20/20 MP: 3/5
   359 | D:1      | Reached skill level 1 in Fighting
  1111 | D:1      | Reached XP level 3. HP: 26/26 MP: 3/6
  1355 | D:2      | Found a faded altar of an unknown god.
  1438 | D:2      | Learned a level 3 spell: Ozocubu's Armour
  1593 | D:2      | Noticed Robin
  1696 | D:2      | Killed Robin
  1697 | D:2      | Reached XP level 4. HP: 10/33 MP: 0/7
  2022 | D:2      | Learned a level 3 spell: Frozen Ramparts
  2454 | D:3      | Reached skill level 1 in Polearms
  2468 | D:3      | Reached XP level 5. HP: 9/39 MP: 1/9
  3059 | D:3      | Reached skill level 5 in Ice Magic
  3110 | D:3      | Reached XP level 6. HP: 23/47 MP: 0/10
  3571 | D:3      | Found Unodiby's Armour Shop.
  3800 | D:3      | Bought a +0 cloak for 45 gold pieces
  3845 | D:3      | Slain by an ogre

Illustrated notes

Levels and vault maps discovered:
D:1:      lightli_arrival_isolated_outpost, layout_basic, serial_aquarium,
          aquarium_bridge_long_joined [aquarium_subvault_bridge,
          aquarium_subvault_balcony, aquarium_subvault_wall,
          aquarium_subvault_bridge, aquarium_subvault_window,
          aquarium_subvault_wall], aquarium_window_corridor_2,
          aquarium_window_1, aquarium_window_1, aquarium_window_fake,
          aquarium_view_2b, aquarium_view_2c, aquarium_pool_2, minivault_25,
          minivault_5, dreamdust_princess_corridor, minmay_3d_cube
D:2:      layout_loops_ring, shapermc_ecumenical_altar_totnotflames, uniq_robin
D:3:      kennysheep_six_static_rooms, layout_basic, serial_shops, shop,
          nicolae_eternal_life, minmay_checkerbox
D:4:      layout_layer_cave, minmay_temple_entry_junction_2, uniq_grinder

Skill      XL: |  1  2  3  4  5 |
---------------+----------------+-----
Dodging        | 3 4 |  4.2
Fighting       | 1 2 3 |  3.3
Polearms       | 1 2 |  2.8
Ice Magic      | 5 |  5.1
Stealth        | |  2.1
Spellcasting   | |  2.9

Action                     |  1- 3 |  4- 6 || total
---------------------------+-------+-------++-------
  Melee: Club              |    15 |       ||    15
         Punch             |     2 |     2 ||     4
         Long sword        |    55 |     1 ||    56
         Spear             |       |   104 ||   104
   Cast: Freeze            |    38 |    30 ||    68
         Ozocubu's Armour  |     2 |     2 ||     4
         Frozen Ramparts   |       |     3 ||     3
    Use: Potion            |     1 |     2 ||     3
   Stab: Sleeping          |     2 |     5 ||     7
 Armour: Robe              |    24 |     9 ||    33
  Dodge: Dodged            |   115 |    48 ||   163

Table legend: (Time is in decaauts)
 A = Elapsed time spent in this place.
 B = Non-inter-level travel time spent in this place.
 C = Inter-level travel time spent in this place.
 D = Time resting spent in this place.
 E = Time spent auto-exploring this place.
 F = Levels seen in this place.
 G = Mean time per level.
                   A        B        C        D        E       F      G
               +--------+--------+--------+--------+--------+-----+--------+
         Total |   3860 |   3700 |    160 |      0 |   3012 |   4 |  965.0 |
       Dungeon |   3860 |   3700 |    160 |      0 |   3012 |   4 |  965.0 |
               +--------+--------+--------+--------+--------+-----+--------+

Top non-repeatable levels by time:
     D:3: 1405 daAuts
     D:1: 1325 daAuts
     D:2: 1123 daAuts
     D:4: 6 daAuts
